Map: Oceanborn LE

Players

Terradin

  • Race: Terran Terran
  • League: Diamond

PracticeX

  • Race: Terran Terran
  • Spawn Location: 11:00

VOD

Have the link to the VOD?

Description

Time

  • Played on: Aug. 23, 2024, 3:51 p.m.
  • Length: 11:44
Show
View Real Time Build Order
Export as new Build Order

Terradin Terran 

Build Orders:  

Get SALT Encoding   

Show
View Real Time Build Order
Export as new Build Order

PracticeX Terran 

Build Orders: Reaper Expand, Mech 

Get SALT Encoding   

  12  0:01  SCV  
  13  0:13  SCV  
  14  0:17  Supply Depot  
  14  0:25  SCV  
  15  0:39  SCV  
  15  0:41  Barracks  
  16  0:47  Refinery  
  16  0:51  SCV  
  17  1:03  SCV  
  18  1:15  SCV  
  19  1:29  Orbital Command, Reaper  
  20  1:44  Command Center  
  20  1:55  SCV  
  20  1:59  Supply Depot  
  21  2:02  Marine  
  21  2:07  SCV  
  23  2:18  Bunker  
  23  2:21  SCV  
  24  2:23  Factory  
  24  2:28  Barracks Reactor, Refinery  
  24  2:33  SCV  
  25  2:45  SCV  
  26  2:57  SCV, Orbital Command  
  27  3:08  Starport  
  27  3:12  SCV  
  28  3:16  Cyclone x2  
  28  3:19  Refinery  
  32  3:23  SCV  
  32  3:24  SCV  
  32  3:25  Barracks Tech Lab  
  34  3:35  SCV  
  34  3:38  SCV  
  36  3:45  Supply Depot  
  36  3:46  Starport Tech Lab  
  36  3:47  SCV  
  37  3:50  Cyclone x2  
  37  3:53  SCV  
  42  4:01  SCV  
  43  4:05  Cloaking Field  
  43  4:07  Banshee  
  43  4:09  SCV  
  47  4:17  Supply Depot  
  47  4:18  SCV  
  48  4:28  Marine x2  
  48  4:29  Siege Tank  
  53  4:35  Command Center  
  53  4:40  SCV  
  54  4:46  Refinery, Marine x2  
  54  4:50  SCV, Banshee  
  54  4:51  Supply Depot  
  54  4:52  SCV  
  61  5:04  Marine  
  62  5:08  Supply Depot  
  62  5:12  Siege Tank, Marine  
  66  5:16  SCV  
  66  5:17  SCV  
  66  5:19  Factory  
  66  5:20  Factory  
  68  5:28  Armory  
  68  5:29  Armory  
  68  5:32  Marine  
  68  5:33  Marine  
  70  5:46  Siege Tank  
  70  5:47  Orbital Command  
  73  5:52  Engineering Bay  
  73  5:53  SCV  
  73  5:55  SCV  
  75  6:05  SCV  
  75  6:07  SCV  
  77  6:11  Factory Tech Lab  
  77  6:15  Hellion x2  
  77  6:16  Orbital Command  
  81  6:18  Siege Tank  
  81  6:19  Terran Vehicle And Ship Armor Level 1, Terran Vehicle Weapons Level 1  
  81  6:21  SCV x2  
  86  6:33  Infernal Pre-Igniter, SCV x2  
  86  6:37  Bunker  
  88  6:41  Hellion, Bunker  
  88  6:42  SCV  
  88  6:45  SCV  
  88  6:46  SCV  
  93  6:48  Supply Depot  
  93  6:50  Supply Depot  
  93  6:53  Refinery  
  93  6:54  Refinery  
  93  7:00  Supply Depot  
  93  7:07  Factory x2  
  93  7:10  SCV x2, Siege Tank x2  
  101  7:19  Hellion x2  
  105  7:25  Supply Depot  
  105  7:27  Supply Depot  
  105  7:28  Supply Depot  
  105  7:30  Missile Turret  
  105  7:32  SCV x3  
  108  7:42  Hellion  
  108  7:43  Hellion  
  113  7:44  SCV x3  
  115  7:56  SCV x2  
  115  7:57  Factory Reactor, Factory Tech Lab  
  117  8:03  Hellion x2  
  117  8:04  Command Center  
  117  8:05  Sensor Tower  
  121  8:07  SCV  
  121  8:08  SCV  
  123  8:14  SCV  
  123  8:15  Terran Vehicle Weapons Level 2  
  123  8:16  Terran Vehicle And Ship Armor Level 2  
  124  8:21  Hellion x2  
  124  8:24  Siege Tank  
  124  8:26  SCV  
  132  8:33  Siege Tank  
  139  8:34  Hellion x2  
  139  8:36  SCV  
  139  8:37  SCV  
  139  8:38  Supply Depot  
  139  8:39  Supply Depot  
  139  8:40  Supply Depot  
  141  8:58  Supply Depot  
  141  8:59  SCV, Siege Tank, Hellion x2, Supply Depot  
  141  9:00  Hellion x2  
  141  9:01  Factory x2  
  141  9:02  Hurricane Engines  
  153  9:03  Siege Tank  
  156  9:10  Thor  
  162  9:21  Hellion  
  162  9:24  Supply Depot  
  164  9:30  Hellion x2  
  168  9:31  Thor  
  168  9:35  Siege Tank  
  177  9:46  Factory Tech Lab x2  
  177  9:49  Refinery  
  177  9:50  Refinery  
  177  9:52  Missile Turret x2  
  177  9:55  Missile Turret x2  
  177  9:59  Sensor Tower  
  177  10:01  Planetary Fortress  
  177  10:04  Thor  
  177  10:06  Thor  
  189  10:14  Siege Tank  
  192  10:27  Thor  
  198  10:33  Command Center  
  198  11:05  Starport Reactor  
Tags
 
Composition
Mech
League
Diamond
Matchup
TvT
Race
Terran
Add a new tag
Caveats
  • Supply blocks, unpowered buildings, or Contaminate may cause inaccurate times.
  • Supply counts are checked every 10 seconds.